 Dungeon Crawl Stone Soup version 0.19.0-22-gd96e5fe (webtiles) character file.

12787 Gargo the Thaumaturge (level 11, -8/64 HPs)
             Began as a Gargoyle Earth Elementalist on Nov 19, 2016.
             Was an Elder of Vehumet.
             Mangled by a polar bear (21 damage)
             ... in an ice cave on Nov 20, 2016.
             The game lasted 03:15:01 (15380 turns).

Gargo the Thaumaturge (GrEE)                       Turns: 15380, Time: 03:15:03

Health: -8/64      AC: 15    Str: 13    XL:     11   Next: 98%
Magic:  8/24       EV: 17    Int: 18    God:    Vehumet [****..]
Gold:   410        SH:  4    Dex:  8    Spells: 6 memorised, 15 levels left

rFire  . . .     SeeInvis .     b - 189 stones
rCold  . . .     Gourm    .     c - +1 robe
rNeg   + . .     Faith    .     m - +0 buckler
rPois  ∞         Spirit   .     y - +0 helmet
rElec  +         Reflect  .     p - +2 cloak {MR+}
rCorr  .         Harm     .     (no gloves)
MR     +....                    n - +0 pair of boots
Stlth  ++........               j - amulet of regeneration
                                i - +4 ring of evasion
                                V - -2 ring of dexterity

@: hasted, very quick
A: negative energy resistance 1, electricity resistance, unbreathing,
petrification resistance, rot immunity, AC +7
a: Renounce Religion


You were in an ice cave.
You worshipped Vehumet.
Vehumet was greatly pleased with you.
You were not hungry.

You visited 3 branches of the dungeon, and saw 14 of its levels.
You also visited: Sewer and Ice Cave.

You collected 685 gold pieces.
You spent 275 gold pieces at shops.

Inventory:

Hand Weapons
 a - a +2 flail of protection
Missiles
 b - 189 stones (in hand)
Armour
 c - a +1 robe (worn)
 m - a +0 buckler (worn)
 n - a +0 pair of boots (worn)
 p - a +2 cloak of magic resistance (worn)
 y - a +0 helmet (worn)
Magical Staves
 o - an uncursed staff of energy
 Z - an uncursed staff of wizardry
Jewellery
 i - a +4 ring of evasion (right hand)
 j - an amulet of regeneration (around neck)
 V - a -2 ring of dexterity (left hand)
Wands
 d - a wand of acid (9/15)
 I - a wand of iceblast (4/15)
Scrolls
 h - a scroll of fear
 t - a scroll of remove curse
 x - a scroll of teleportation
Potions
 s - a potion of curing
 W - a potion of flight
Comestibles
 f - a meat ration
 g - 4 chunks of flesh


   Skills:
 + Level 5.6 Fighting
 + Level 5.3 Maces & Flails
 + Level 1.3 Armour
 + Level 4.5 Dodging
 - Level 2.1 Stealth
 - Level 5.0 Shields
 * Level 9.6 Spellcasting
 + Level 7.6 Conjurations
   Level 0.7 Transmutations
 + Level 3.7 Fire Magic
 + Level 9.3 Earth Magic
 + Level 4.5 Evocations


You had 15 spell levels left.
You knew the following spells:

 Your Spells              Type           Power        Failure   Level  Hunger
a - Sandblast             Erth           #####.       1%          1    None
b - Lee's Rapid Deconstr  Erth           #####.....   1%          5    #####..
d - Conjure Flame         Conj/Fire      ####....     1%          3    None
e - Flame Tongue          Conj/Fire      ####.        1%          1    None
A - Stone Arrow           Conj/Erth      #####.       1%          3    None
E - Sting                 Conj/Pois      ###.         1%          1    None


Dungeon Overview and Level Annotations

Branches:
Dungeon (11/15)            Temple (1/1) D:6            Lair (2/6) D:10
    Orc (0/2) D:10
  Swamp: Lair:2-4    Shoals: Lair:2-4     Snake: Lair:2-4    Spider: Lair:2-4

Altars:
Ashenzari
Cheibriados
Dithmenos
Elyvilon
Fedhas
Gozag
Hepliaklqana
Kikubaaqudgha
Makhleb
Nemelex Xobeh
Okawaru
Qazlal
Ru
Sif Muna
Trog
Uskayaw
Vehumet
Xom
Yredelemnul
Zin
The Shining One

Shops:
D:4 [   D:11 *


Innate Abilities, Weirdness & Mutations

You are resistant to torment.
Your stone body is resilient. (AC +7)
You are immune to poison.
You resist negative energy. (rN+)
You are resistant to electric shocks. (rElec)
You can survive without breathing.
You are immune to petrification.
You are immune to rotting.


Message History

Confirm with . or Enter, or press ? or * to list all spells.
Aiming: Flame Tongue
Press: ? - help, Shift-Dir - straight line, f/p - polar bear
Aim: a polar bear (almost dead, berserk, fast, unusually strong)
The flame tongue hits the polar bear.
The polar bear is almost dead.
The polar bear bites you!
* * * LOW HITPOINT WARNING * * *
The polar bear misses you.
The polar bear claws you but does no damage.
The yak gores you!
* * * LOW HITPOINT WARNING * * *
The polar bear barely misses you. x2; The polar bear misses you.
You feel better. The yak completely misses you. The polar bear misses you.
The polar bear claws you but does no damage.
The polar bear barely misses you.
You feel yourself speed up. The polar bear closely misses you.
The polar bear misses you. The polar bear completely misses you.
You block the yak's attack. The polar bear bites you!!
You die... ..#... ..... .... ... hh#

##hY#
##Yh#
#.@##
#...##
##...##
##...#
##...#
#...##
##...##
##..÷..##
#...∩...#


You could see 3 polar bears, 2 yaks and a wolf.

Vanquished Creatures
  The ghost of stickyfingers the Martial Artist, a journeyman KoTm of Yredelemnul (D:10)
  A tengu warrior (D:10)
  2 hill giants (D:10)
  The ghost of herpmino the Grappler, a novice TrMo of Cheibriados (D:6)
  Maurice (D:8)
  A komodo dragon (D:11)
  2 trolls
  A polar bear (IceCv)
  A two-headed ogre (D:10)
  3 hippogriffs
  2 yaks (IceCv)
  A wraith (D:9)
  Menkaure (D:6)
  2 mottled dragons
  10 orc warriors
  4 black bears
  The ghost of Apogee the Skirmisher, an amateur MiFi of Okawaru (D:3)
  4 ice beasts
  2 sky beasts
  A necrophage (D:9)
  4 wolves
  4 centaurs
  3 ogres
  3 phantoms
  A crocodile (D:11)
  A big kobold (D:10)
  13 bullfrogs
  6 killer bees
  3 scorpions
  5 wights (D:7)
  2 howler monkeys
  4 electric eels (D:10)
  2 bullfrog zombies
  2 centaur zombies
  5 crimson imps
  5 jellies
  3 centaur skeletons
  14 hounds
  7 orc priests
  11 orc wizards
  5 bullfrog skeletons
  An iguana (D:7)
  7 worker ants
  2 hound skeletons
  3 worker ant zombies
  Robin (D:1)
  13 gnolls
  15 adders
  4 river rats (D:6)
  2 shadow imps
  8 oozes (Sewer)
  An adder skeleton (D:4)
  2 dart slugs (D:2)
  3 worms
  16 leopard geckos
  39 orcs
  13 ball pythons
  14 giant cockroaches
  12 hobgoblins
  7 jackals
  15 kobolds
  5 quokkas
  8 bats
  6 frilled lizards
  20 goblins
  2 quokka skeletons
  6 rats
370 creatures vanquished.

Vanquished Creatures (others)
  A scorpion (D:6)
  4 plants (D:6)
5 creatures vanquished.

Grand Total: 375 creatures vanquished

Notes
Turn   | Place    | Note
-------+----------+-------------------------------------------
     0 | D:1      | Gargo the Gargoyle Earth Elementalist began the quest for the Orb.
     0 | D:1      | Reached XP level 1. HP: 10/10 MP: 3/3
   310 | D:1      | Reached XP level 2. HP: 15/15 MP: 0/5
   589 | D:2      | Reached XP level 3. HP: 17/19 MP: 2/7
   605 | D:1      | Learned a level 3 spell: Stone Arrow
  1159 | D:2      | Reached XP level 4. HP: 20/24 MP: 1/8
  1273 | D:2      | Noticed Robin
  1328 | D:1      | Killed Robin
  1419 | D:2      | Reached skill level 1 in Conjurations
  2148 | D:3      | Reached XP level 5. HP: 28/28 MP: 7/10
  2327 | D:3      | Reached skill level 5 in Earth Magic
  2406 | D:3      | Noticed Apogee's ghost (amateur MiFi)
  2753 | D:5      | Entered Level 5 of the Dungeon
  3123 | D:4      | Found Ogimiol's Antique Armour Emporium.
  3127 | D:4      | Reached XP level 6. HP: 32/32 MP: 10/12
  3134 | D:4      | Learned a level 5 spell: Lee's Rapid Deconstruction
  3655 | D:3      | Killed Apogee's ghost
  4240 | D:6      | Reached skill level 5 in Spellcasting
  4240 | D:6      | Reached XP level 7. HP: 36/36 MP: 10/14
  4247 | D:6      | Found a glowing drain.
  4270 | Sewer    | Entered a sewer
  5046 | D:6      | Noticed Menkaure
  5117 | D:6      | Found a staircase to the Ecumenical Temple.
  5124 | Temple   | Entered the Ecumenical Temple
  5223 | Temple   | Became a worshipper of Vehumet
  5398 | D:6      | Found an ancient bone altar of Kikubaaqudgha.
  5447 | D:6      | Reached XP level 8. HP: 30/41 MP: 2/16
  5497 | D:6      | Noticed herpmino's ghost (novice TrMo)
  6101 | D:5      | Reached skill level 5 in Conjurations
  6845 | D:6      | Reached skill level 1 in Evocations
  7109 | D:6      | Reached skill level 1 in Fighting
  7109 | D:6      | Reached skill level 1 in Armour
  7285 | D:6      | Reached XP level 9. HP: 41/47 MP: 10/19
  7492 | D:6      | Reached skill level 1 in Maces & Flails
  7659 | D:6      | Killed Menkaure
  7770 | D:6      | Reached skill level 1 in Shields
  8012 | D:6      | Reached * piety under Vehumet
  8012 | D:6      | Offered knowledge of Freeze by Vehumet.
  8734 | D:6      | Killed herpmino's ghost
  8982 | D:7      | Reached XP level 10. HP: 56/56 MP: 0/22
  9151 | D:8      | Noticed Maurice
  9221 | D:8      | Killed Maurice
  9409 | D:7      | Got a shimmering lapis lazuli ring
  9411 | D:7      | Identified the ring of Xegg {Ice Str+5 Dex-2} (You found it on level 7 of the Dungeon)
 10445 | D:8      | Offered knowledge of Flame Tongue by Vehumet.
 10448 | D:8      | Learned a level 1 spell: Flame Tongue
 10448 | D:8      | Reached ** piety under Vehumet
 10897 | D:10     | Entered Level 10 of the Dungeon
 10936 | D:10     | Noticed stickyfingers's ghost (journeyman KoTm)
 11030 | D:9      | Reached skill level 1 in Fire Magic
 11188 | D:10     | Found a staircase to the Lair.
 11844 | D:9      | Identified the Disquisition on Torrid Combat Magic
 11848 | D:9      | Learned a level 1 spell: Sting
 11853 | D:9      | Learned a level 3 spell: Conjure Flame
 11910 | D:9      | Found a hide-covered altar of Uskayaw.
 12069 | D:9      | Offered knowledge of Ignite Poison by Vehumet.
 12303 | D:10     | Killed stickyfingers's ghost
 12303 | D:10     | Reached XP level 11. HP: 47/62 MP: 6/23
 12342 | D:9      | Reached *** piety under Vehumet
 12656 | D:10     | Offered knowledge of Olgreb's Toxic Radiance by Vehumet.
 13039 | D:11     | Found a flagged portal.
 13136 | D:11     | Found Pueb's Assorted Antiques.
 13145 | D:11     | Reached skill level 5 in Fighting
 13154 | D:11     | Bought a scroll labeled MOGAWN UG QUT for 31 gold pieces
 13154 | D:11     | Bought a transparent dagger for 217 gold pieces
 13154 | D:11     | Bought a viscous pink potion for 27 gold pieces
 13154 | D:11     | Identified the +6 dagger of Amorality {flame, rPois rF- Str+4 Stlth+} (You bought it in a shop on level 11 of the Dungeon)
 13405 | D:10     | Found a staircase to the Orcish Mines.
 13536 | D:10     | Noticed a tengu warrior
 13728 | D:10     | Killed a tengu warrior
 13993 | D:10     | Reached **** piety under Vehumet
 14011 | D:10     | Noticed a hill giant
 14019 | D:10     | Killed a hill giant
 14399 | D:10     | Reached skill level 5 in Maces & Flails
 14459 | D:10     | Noticed a hill giant
 14462 | D:10     | Killed a hill giant
 14462 | D:10     | Offered knowledge of Iskenderun's Mystic Blast by Vehumet.
 14803 | Lair:1   | Entered Level 1 of the Lair of Beasts
 15273 | Lair:2   | Found a frozen archway.
 15288 | IceCv    | Entered an ice cave
 15299 | IceCv    | Reached skill level 5 in Shields
 15380 | IceCv    | Mangled by a polar bear

Skill      XL: |  1  2  3  4  5  6  7  8  9 10 11 |
---------------+----------------------------------+-----
Earth Magic    | 4 5 6 7 8 9 |  9.3
Spellcasting   | 3 4 5 7 8 9 |  9.6
Conjurations   | 1 2 3 4 5 6 7 |  7.6
Evocations     | 1 2 4 |  4.5
Fighting       | 1 3 4 5 |  5.6
Armour         | 1 |  1.3
Maces & Flails | 2 4 5 |  5.3
Dodging        | 2 3 4 |  4.5
Shields        | 2 3 5 |  5.0
Fire Magic     | 1 3 |  3.7
Stealth        | |  2.1
Transmutations | |  0.7

Action                   |  1- 3 |  4- 6 |  7- 9 | 10-12 || total
-------------------------+-------+-------+-------+-------++-------
Melee: Dagger            |    32 |    73 |    58 |    24 ||   187
       Club              |     1 |       |       |       ||     1
       Whip              |       |    63 |    59 |       ||   122
       Unarmed           |       |       |    22 |       ||    22
       Short sword       |       |       |       |    37 ||    37
       Flail             |       |       |       |    46 ||    46
 Cast: Sandblast         |    55 |   191 |   335 |   402 ||   983
       Stone Arrow       |       |     4 |    40 |   107 ||   151
       Lee's Rapid Decon |       |       |     1 |     3 ||     4
       Flame Tongue      |       |       |       |    47 ||    47
       Sting             |       |       |       |    29 ||    29
Evoke: Wand              |       |       |       |    12 ||    12
       Staff of energy   |       |       |       |     1 ||     1
  Use: Scroll            |     7 |     5 |     6 |    12 ||    30
       Potion            |       |     1 |       |     4 ||     5
 Stab: Sleeping          |     3 |     3 |     1 |     4 ||    11
       Distracted        |       |       |     1 |       ||     1
       Confused          |       |       |       |     1 ||     1
  Eat: Chunk             |     1 |    10 |    13 |    19 ||    43
       Beef jerky        |       |       |     2 |     1 ||     3
Armor: Robe              |    33 |    89 |   160 |   235 ||   517
Dodge: Dodged            |    47 |   140 |   293 |   523 ||  1003
Block: Buckler           |       |       |       |     8 ||     8
